 Seeded DCSS version 0.27-a0-1500-g450c7e4133 (webtiles) character file.

Game seed: 20210707 (custom seed)

340 muata the Chopper (level 6, -3/58 HPs)
             Began as a Minotaur Berserker on July 7, 2021.
             Was a Believer of Trog.
             Killed by nerve-wracking pain
             ... invoked by Grinder
              (12 damage)
             ... on level 4 of the Dungeon.
             The game lasted 00:06:22 (3392 turns).

muata the Chopper (Minotaur Berserker)              Turns: 3392, Time: 00:06:22

Health: -3/58      AC:  8    Str: 24    XL:     6   Next: 30%
Magic:  5/5        EV:  8    Int: 10    God:    Trog [**....]
Gold:   105        SH:  0    Dex:  9    Spells: 5/5 levels left

rFire    . . .     SeeInvis .   a - +0 hand axe
rCold    . . .     Faith    .   (no shield)
rNeg     . . .     Spirit   .   n - +0 chain mail
rPois    .         Reflect  .   (helmet restricted)
rElec    .         Harm     .   (no cloak)
rCorr    .         Rampage  .   (no gloves)
Will     .....                  (no boots)
Stlth    ..........             k - amulet of regeneration
HPRegen  1.19/turn              h - +6 ring of intelligence
MPRegen  0.09/turn              (no ring)

@: on berserk cooldown, slowed, very slow
A: horns 2, retaliatory headbutt
a: Renounce Religion, Berserk, Trog's Hand


You were on level 4 of the Dungeon.
You worshipped Trog.
Trog was pleased with you.
You visited 1 branch of the dungeon, and saw 5 of its levels.

You collected 105 gold pieces.

Inventory:

Hand Weapons
 a - a +0 hand axe (weapon)
Missiles
 m - 23 poisoned darts (quivered)
Armour
 n - a +0 chain mail (worn)
Jewellery
 b - a ring of see invisible
 h - a +6 ring of intelligence (left hand)
 k - an amulet of regeneration (around neck)
Wands
 i - a wand of iceblast (8)
Scrolls
 d - a scroll of fog {unknown}
 f - 3 scrolls of amnesia {unknown}
 g - 2 scrolls of fear {unknown}
 j - a scroll of identify {unknown}
 o - a scroll of immolation {unknown}
Potions
 c - a potion of curing {unknown}
 e - a potion of lignification {unknown}
 p - a potion of attraction {unknown}
 q - a potion of flight {unknown}
 r - a potion of heal wounds {unknown}


   Skills:
 + Level 6.6 Fighting
 + Level 6.6 Axes
 - Level 2.4 Armour
 - Level 2.1 Dodging


You had 5 spell levels left.
You didn't know any spells.
Your spell library was empty.

Dungeon Overview and Level Annotations

Branches:
Dungeon (5/15)
 Temple: D:4-7

Altars:

Shops:
D:2 :

Annotations:
D:4 Grinder


Innate Abilities, Weirdness & Mutations

You have a pair of horns on your head.
You reflexively headbutt those who attack you in melee.


Message History

Grinder gestures at you. You resist with almost no effort.
You barely miss Grinder.
Grinder is heavily wounded.
Your skin stops crawling.
You feel less strong-willed.
Grinder says, "There's only one good use for a tongue: cutting it out."
Grinder gestures at you. Pain shoots through your body!
You hit Grinder. Your headbutt misses Grinder.
Grinder is severely wounded.
Grinder blinks!
Grinder gestures at you.
You barely resist. Grinder hits you.
You writhe in agony.
You closely miss Grinder. Your headbutt misses Grinder.
Grinder is severely wounded.
Grinder hits you.
You writhe in agony.
You closely miss Grinder.
Grinder is severely wounded.
Grinder hits you!
You writhe in agony.
Grinder hits you but does no damage.
You hit Grinder but do no damage.
Grinder is severely wounded.
Grinder hits you!
You writhe in agony.
You hit Grinder.
Grinder is severely wounded.
Grinder says, "Just stop there for a second..."
Grinder gestures at you. Pain shoots through your body!
* * * LOW HITPOINT WARNING * * *
Grinder hits you but does no damage.
You barely miss Grinder. Your headbutt misses Grinder.
Grinder is severely wounded.
Grinder hits you.
* * * LOW HITPOINT WARNING * * *
You writhe in agony.
* * * LOW HITPOINT WARNING * * *
You hit Grinder but do no damage.
Grinder is severely wounded.
Grinder gestures at you. Pain shoots through your body!
You die...

##. #..###### #.##....###
..........##.#.......##
..........#..#........## #
..........#..#.........####
.........##.#..........##..
)........#..#.............#
........##@..............##
........##5#............##
.........................#
........##.....>.........#
.......####..............#
...#..# #..............#
###..# #....†........##
#..# #.............# #..#
##............#


You could see Grinder.

Vanquished Creatures
  An ice beast (D:5)
  2 orc priests (D:3)
  An iguana (D:4)
  Terence (D:3)
  2 orc wizards (D:3)
  An adder (D:3)
  A gnoll (D:1)
  8 orcs (D:3)
  5 endoplasms
  6 giant cockroaches
  6 hobgoblins
  A jackal (D:2)
  A quokka (D:4)
  8 ball pythons
  6 bats
  A frilled lizard (D:1)
  5 goblins
  4 kobolds
  6 rats
66 creatures vanquished.

Notes
Turn   | Place    | Note
-------+----------+-------------------------------------------
     0 | D:1      | muata the Minotaur Berserker began the quest for the Orb.
     0 | D:1      | Reached XP level 1. HP: 19/19 MP: 0/0
    29 | D:1      | Found a faded altar of an unknown god.
    30 | D:1      | Noticed a shining eye
    53 | D:1      | Noticed a golden eye
    57 | D:1      | Noticed an eye of devastation
    57 | D:1      | Noticed a great orb of eyes
   247 | D:1      | Reached XP level 2. HP: 27/27 MP: 1/1
   781 | D:1      | Reached XP level 3. HP: 33/34 MP: 2/2
  1104 | D:2      | Reached ** piety under Trog
  1308 | D:2      | Found Tuate's Book Shoppe.
  2191 | D:3      | Reached XP level 4. HP: 5/41 MP: 3/3
  2195 | D:3      | Reached skill level 5 in Fighting
  2195 | D:3      | Reached skill level 5 in Axes
  2522 | D:3      | Reached XP level 5. HP: 45/49 MP: 4/4
  2856 | D:3      | Noticed Terence
  2866 | D:3      | Killed Terence
  3275 | D:4      | Noticed Grinder
  3288 | D:4      | Paralysed by Grinder for 6 turns
  3304 | D:5      | Entered Level 5 of the Dungeon
  3304 | D:5      | Noticed an ice beast
  3315 | D:5      | Killed an ice beast
  3316 | D:5      | Reached XP level 6. HP: 48/58 MP: 5/5
  3392 | D:4      | Killed from afar by Grinder

Illustrated notes

Levels and vault maps discovered:
D:1:      sevenhm_arrival_forest_fort_small_3, layout_basic, serial_glass,
          glass_columns_a, glass_columns_b, glass_columns_a, glass_columns_a,
          hellmonk_ecumenical_altar_watching_god
D:2:      minmay_evil_eye, layout_loops_ring, serial_shops,
          nicolae_shop_window_shopping
D:3:      cheibrodos_pilgrimage, layout_loops_corners, uniq_terence
D:4:      layout_cave_pods, marbit_many_paths, roderic_roman_lattice,
          uniq_grinder
D:5:      kennysheep_steamy, layout_rooms, minmay_temple_entry_nine_rooms

Skill      XL: |  1  2  3  4  5 |
---------------+----------------+-----
Fighting       | 4 5 6 |  6.6
Axes           | 4 5 6 |  6.6
Armour         | |  2.4
Dodging        | |  2.1

Action                   |  1- 3 |  4- 6 || total
-------------------------+-------+-------++-------
Melee: Hand axe          |    77 |    84 ||   161
       Headbutt          |    17 |    16 ||    33
Throw: Dart              |     5 |       ||     5
Invok: Berserk           |     1 |     4 ||     5
       Trog's Hand       |       |     2 ||     2
Armor: Animal skin       |     8 |     4 ||    12
       Chain mail        |       |    24 ||    24
Dodge: Dodged            |    47 |    27 ||    74

Table legend: (Time is in decaauts)
 A = Elapsed time spent in this place.
 B = Non-inter-level travel time spent in this place.
 C = Inter-level travel time spent in this place.
 D = Time resting spent in this place.
 E = Time spent auto-exploring this place.
 F = Levels seen in this place.
 G = Mean time per level.
                   A        B        C        D        E       F      G
               +--------+--------+--------+--------+--------+-----+--------+
         Total |   3436 |   3336 |    100 |    510 |   2294 |   5 |  687.2 |
       Dungeon |   3436 |   3336 |    100 |    510 |   2294 |   5 |  687.2 |
               +--------+--------+--------+--------+--------+-----+--------+

Top non-repeatable levels by time:
     D:3: 1418 daAuts
     D:2: 953 daAuts
     D:1: 848 daAuts
     D:4: 146 daAuts
     D:5: 69 daAuts
